MWL (24 & UNDER)
EVANSTON ELITISTS @ MINNESOTA DEATH STARS
08/21/2030
 
TOP OF THE 1ST
Evanston Elitists batting - Pitching for Minnesota Death Stars : LHP Bobby MacGruder
Pitching: LHP Bobby MacGruder
Batting: SHB Troy Abreu 0-0: Ball
1-0: Swinging Strike
1-1: SINGLE (Line Drive, 4MD)
Batting: RHB Joe Farrell 0-0: Called Strike
0-1: Foul Ball, location: 2F
0-2: Strikes out swinging
Batting: RHB Greg Nichols 0-0: Ball
1-0: Ball
2-0: Swinging Strike
2-1: Fly out, F8 (Flyball, 8LD)
Batting: RHB Troy Johnson 0-0: Fly out, F7 (Flyball, 78M)
Top of the 1st over - 0 runs, 1 hit, 0 errors, 1 left on base; Evanston 0 - Minnesota 0
BOTTOM OF THE 1ST
Minnesota Death Stars batting - Pitching for Evanston Elitists : RHP Joel Cobb
Pitching: RHP Joel Cobb
Batting: RHB Lou Hammond 0-0: Ball
1-0: Ball
2-0: Foul Ball, location: 2F
2-1: Called Strike
2-2: SINGLE (Groundball, 4MD)
Batting: LHB Ryan Miller 0-0: Foul Ball, location: 2F
0-1: Hit by Pitch
Lou Hammond to second
Batting: LHB Gonzalo Gálvez 0-0: Ball
1-0: Ground out 2-3 (Groundball, 15S)
Lou Hammond to third
Ryan Miller to second
Batting: RHB Manuel Cintrón 0-0: Swinging Strike
0-1: Swinging Strike
0-2: Fly out, F9 (Line Drive, 9D)
Runner from 3rd tags up, SCORES, throw made
Batting: RHB Sidney Smith 0-0: SINGLE (Groundball, 6MD)
Ryan Miller to third
Runner from 3rd tries for Home, SAFE, no throw
Batting: RHB Ernesto Quintero 0-0: Called Strike
0-1: Ball
1-1: Foul Ball, location: 2F
1-2: Foul Ball, location: 2F
1-2: Strikes out swinging
Bottom of the 1st over - 2 runs, 2 hits, 0 errors, 1 left on base; Evanston 0 - Minnesota 2
TOP OF THE 2ND
Evanston Elitists batting - Pitching for Minnesota Death Stars : LHP Bobby MacGruder
Batting: RHB Chris Barker 0-0: SOLO HOME RUN (Flyball, 8RXD), Distance : 402 ft
Batting: LHB Jean-Sébastien Beaudin 0-0: Foul Ball, location: 2F
0-1: Swinging Strike
0-2: Ball
1-2: Strikes out swinging
Batting: SHB Doug Thompson 0-0: Ball
1-0: Ground out 5-3 (Groundball, 56)
Batting: RHB Billy Gray 0-0: Called Strike
0-1: Swinging Strike
0-2: Strikes out swinging
Top of the 2nd over - 1 run, 1 hit, 0 errors, 0 left on base; Evanston 1 - Minnesota 2
BOTTOM OF THE 2ND
Minnesota Death Stars batting - Pitching for Evanston Elitists : RHP Joel Cobb
Batting: LHB Jamie Walker 0-0: Ball
1-0: Called Strike
1-1: Foul Ball, location: 2F
1-2: Ball
2-2: Foul Ball, location: 2F
2-2: Fly out, F2 (Popup, 25F)
Batting: RHB Justin López 0-0: Called Strike
0-1: Ball
1-1: Foul Ball, location: 2F
1-2: Strikes out swinging
Batting: LHB Doyle Price 0-0: Ground out 4-3 (Groundball, 4)
Bottom of the 2nd over - 0 runs, 0 hits, 0 errors, 0 left on base; Evanston 1 - Minnesota 2
TOP OF THE 3RD
Evanston Elitists batting - Pitching for Minnesota Death Stars : LHP Bobby MacGruder
Batting: RHB Bruce Adams 0-0: Ball
1-0: Called Strike
1-1: SOLO HOME RUN (Flyball, 89D), Distance : 391 ft
Batting: SHB Troy Abreu 0-0: Ball
1-0: Swinging Strike
1-1: Ball
2-1: Foul Ball, location: 2F
2-2: Strikes out swinging
Batting: RHB Joe Farrell 0-0: Called Strike
0-1: Foul Ball, location: 2F
0-2: Fly out, F6 (Popup, 6M)
Batting: RHB Greg Nichols 0-0: Ball
1-0: Foul Ball, location: 2F
1-1: Ball
2-1: Ball
3-1: Base on Balls
Batting: RHB Troy Johnson 0-0: Ball
1-0: Called Strike
1-1: Ball
2-1: Foul Ball, location: 2F
2-2: Ball
3-2: SINGLE (Flyball, 89S)
Greg Nichols to second
Greg Nichols to third
Batting: RHB Chris Barker 0-0: Ball
1-0: Ball
2-0: Ground out 3-1 (Groundball, 34S)
Top of the 3rd over - 1 run, 2 hits, 0 errors, 2 left on base; Evanston 2 - Minnesota 2
BOTTOM OF THE 3RD
Minnesota Death Stars batting - Pitching for Evanston Elitists : RHP Joel Cobb
Batting: RHB Lou Hammond 0-0: Called Strike
0-1: Ball
1-1: Ball
2-1: Called Strike
2-2: Ball
3-2: Base on Balls
Batting: LHB Ryan Miller 0-0: Ball
1-0: Called Strike
Lou Hammond steals 2nd base
1-1: Ball
2-1: Fly out, F2 (Popup, 2LF)
Batting: LHB Gonzalo Gálvez 0-0: Ball
1-0: Ball
2-0: Swinging Strike
2-1: Foul Ball, location: 2F
2-2: Foul Ball, location: 2F
2-2: Ball
3-2: Base on Balls
Batting: RHB Manuel Cintrón 0-0: Called Strike
Throwing error on steal attempt, E2
Lou Hammond scores
Gonzalo Gálvez to third
0-1: Called Strike
0-2: Ball
1-2: Foul Ball, location: 2F
1-2: Ball
2-2: Ground out 4-3 (Groundball, 34D)
Gonzalo Gálvez scores
Batting: RHB Sidney Smith 0-0: Ball
1-0: SINGLE (Line Drive, 6MD)
Batting: RHB Ernesto Quintero 0-0: Fly out, F7 (Flyball, 7LM)
Bottom of the 3rd over - 2 runs, 1 hit, 1 error, 1 left on base; Evanston 2 - Minnesota 4
TOP OF THE 4TH
Evanston Elitists batting - Pitching for Minnesota Death Stars : LHP Bobby MacGruder
Batting: LHB Jean-Sébastien Beaudin 0-0: Bunt missed!
0-1: Swinging Strike
0-2: Strikes out looking
Batting: SHB Doug Thompson 0-0: Ball
1-0: Ground out 6-3 (Groundball, 6)
Batting: RHB Billy Gray 0-0: Ball
1-0: Swinging Strike
1-1: Swinging Strike
1-2: Fly out, F6 (Line Drive, 6)
Top of the 4th over - 0 runs, 0 hits, 0 errors, 0 left on base; Evanston 2 - Minnesota 4
BOTTOM OF THE 4TH
Minnesota Death Stars batting - Pitching for Evanston Elitists : RHP Joel Cobb
Batting: LHB Jamie Walker 0-0: Ball
1-0: Ball
2-0: Foul Ball, location: 2F
2-1: Foul Ball, location: 2F
2-2: Ball
3-2: Strikes out swinging
Batting: RHB Justin López 0-0: Ball
1-0: Swinging Strike
1-1: Foul Ball, location: 2F
1-2: Ball
2-2: Foul Ball, location: 2F
2-2: Ball
3-2: Strikes out swinging
Batting: LHB Doyle Price 0-0: Swinging Strike
0-1: Called Strike
0-2: Ball
1-2: Foul Ball, location: 2F
1-2: Foul Ball, location: 2F
1-2: Foul Ball, location: 2F
1-2: Ground out U3 (Groundball, 34)
Bottom of the 4th over - 0 runs, 0 hits, 0 errors, 0 left on base; Evanston 2 - Minnesota 4
TOP OF THE 5TH
Evanston Elitists batting - Pitching for Minnesota Death Stars : LHP Bobby MacGruder
Batting: RHB Bruce Adams 0-0: Ball
1-0: Foul Ball, location: 2F
1-1: Ball
2-1: Fly out, F7 (Flyball, 7S)
Batting: SHB Troy Abreu 0-0: Called Strike
0-1: SINGLE (Groundball, 56D)
Batting: RHB Joe Farrell 0-0: Ball
1-0: Called Strike
1-1: Foul Ball, location: 2F
1-2: Ball
2-2: Grounds into double play, 5-4-3 (Groundball, 56)
Top of the 5th over - 0 runs, 1 hit, 0 errors, 0 left on base; Evanston 2 - Minnesota 4
BOTTOM OF THE 5TH
Minnesota Death Stars batting - Pitching for Evanston Elitists : RHP Joel Cobb
Batting: RHB Lou Hammond 0-0: DOUBLE (Line Drive, 8RD)
Batting: LHB Ryan Miller 0-0: Ball
1-0: Ground out U3 (Groundball, 3)
Lou Hammond to third
Batting: LHB Gonzalo Gálvez 0-0: Intentional Walk
Batting: RHB Manuel Cintrón 0-0: Called Strike
Throwing error on steal attempt, E2
Lou Hammond scores
Gonzalo Gálvez to third
0-1: Ball
1-1: Intentional Walk
Batting: RHB Sidney Smith 0-0: Foul Ball, location: 2F
0-1: Ball
1-1: Swinging Strike
1-2: Grounds into double play, 6-4-3 (Groundball, 6M)
Bottom of the 5th over - 1 run, 1 hit, 1 error, 1 left on base; Evanston 2 - Minnesota 5
TOP OF THE 6TH
Evanston Elitists batting - Pitching for Minnesota Death Stars : LHP Bobby MacGruder
Batting: RHB Greg Nichols 0-0: Foul Ball, location: 2F
0-1: Fly out, F4 (Popup, 4)
Batting: RHB Troy Johnson 0-0: Ball
1-0: Ball
2-0: Foul Ball, location: 2F
2-1: Ball
3-1: Called Strike
3-2: Foul Ball, location: 2F
3-2: Foul Ball, location: 2F
3-2: Foul Ball, location: 2F
3-2: Foul Ball, location: 2F
3-2: Ground out 5-3 (Groundball, 56S)
Batting: RHB Chris Barker 0-0: Called Strike
0-1: Called Strike
0-2: Ball
1-2: Ball
2-2: Ball
3-2: Foul Ball, location: 2F
3-2: Strikes out looking
Top of the 6th over - 0 runs, 0 hits, 0 errors, 0 left on base; Evanston 2 - Minnesota 5
BOTTOM OF THE 6TH
Minnesota Death Stars batting - Pitching for Evanston Elitists : RHP Joel Cobb
Batting: RHB Ernesto Quintero 0-0: Foul Ball, location: 2F
0-1: Fly out, F9 (Flyball, 9LS)
Batting: LHB Jamie Walker 0-0: Ball
1-0: Called Strike
1-1: Called Strike
1-2: Strikes out looking
Batting: RHB Justin López 0-0: Fly out, F9 (Flyball, 9S)
Bottom of the 6th over - 0 runs, 0 hits, 0 errors, 0 left on base; Evanston 2 - Minnesota 5
TOP OF THE 7TH
Evanston Elitists batting - Pitching for Minnesota Death Stars : LHP Bobby MacGruder
Batting: LHB Jean-Sébastien Beaudin 0-0: Ground out 5-3 (Groundball, 56S)
Batting: SHB Doug Thompson 0-0: Swinging Strike
0-1: Foul Ball, location: 2F
0-2: Ball
1-2: Strikes out swinging
Batting: RHB Billy Gray 0-0: Ball
1-0: Foul Ball, location: 2F
1-1: Ball
2-1: Reached via error on a dropped throw, E3
Batting: RHB Bruce Adams 0-0: Ball
Billy Gray steals 2nd base
1-0: Ball
2-0: Called Strike
2-1: Ground out 5-3 (Groundball, 56)
Top of the 7th over - 0 runs, 0 hits, 1 error, 1 left on base; Evanston 2 - Minnesota 5
BOTTOM OF THE 7TH
Minnesota Death Stars batting - Pitching for Evanston Elitists : RHP Joel Cobb
Pitching: RHP José Chávez
Batting: LHB Doyle Price 0-0: Ball
1-0: Ball
2-0: Ball
3-0: Called Strike
3-1: Foul Ball, location: 2F
3-2: Base on Balls
Batting: RHB Lou Hammond 0-0: Bunt missed!
0-1: Ball
1-1: Sac Bunt - play at first, batter OUT! 2-4
Doyle Price to second
Batting: LHB Ryan Miller 0-0: Ground out 3-1 (Groundball, 34)
Doyle Price to third
Batting: LHB Gonzalo Gálvez 0-0: Ball
1-0: Ball
2-0: Called Strike
2-1: Fly out, F4 (Popup, 34S)
Bottom of the 7th over - 0 runs, 0 hits, 0 errors, 1 left on base; Evanston 2 - Minnesota 5
TOP OF THE 8TH
Evanston Elitists batting - Pitching for Minnesota Death Stars : LHP Bobby MacGruder
Batting: SHB Troy Abreu 0-0: Foul Ball, location: 2F
0-1: Foul Ball, location: 2F
0-2: Foul Ball, location: 2F
0-2: Ball
1-2: Foul Ball, location: 2F
1-2: Ball
2-2: Strikes out swinging
Batting: RHB Joe Farrell 0-0: Ground out U3 (Groundball, 34)
Batting: RHB Greg Nichols 0-0: Called Strike
0-1: Ball
1-1: Ground out 6-3 (Groundball, 6)
Top of the 8th over - 0 runs, 0 hits, 0 errors, 0 left on base; Evanston 2 - Minnesota 5
BOTTOM OF THE 8TH
Minnesota Death Stars batting - Pitching for Evanston Elitists : RHP José Chávez
Batting: RHB Manuel Cintrón 0-0: SINGLE (Groundball, 6S) (infield hit)
Batting: RHB Sidney Smith 0-0: Ball
1-0: Called Strike
1-1: Ball
2-1: DOUBLE (Line Drive, 7LM)
Manuel Cintrón to third
Runner from 3rd tries for Home, SAFE, no throw
Batting: RHB Ernesto Quintero 0-0: Fly out, F9 (Flyball, 9S)
Batting: LHB Jamie Walker 0-0: Intentional Walk
Batting: RHB Justin López 0-0: Ball
1-0: 3-RUN HOME RUN (Flyball, 7LD), Distance : 361 ft
Batting: LHB Doyle Price 0-0: Ball
1-0: Called Strike
1-1: Swinging Strike
1-2: Ball
2-2: Foul Ball, location: 2F
2-2: Ground out 4-3 (Groundball, 4)
Batting: RHB Lou Hammond 0-0: Ball
1-0: Swinging Strike
1-1: Ball
2-1: Fly out, F7 (Flyball, 7S)
Bottom of the 8th over - 4 runs, 3 hits, 0 errors, 0 left on base; Evanston 2 - Minnesota 9
TOP OF THE 9TH
Evanston Elitists batting - Pitching for Minnesota Death Stars : LHP Bobby MacGruder
Batting: RHB Troy Johnson 0-0: Ball
1-0: Reached on error, E6 (Groundball, 6)
Batting: RHB Chris Barker 0-0: Called Strike
0-1: Ball
1-1: Ball
2-1: 2-RUN HOME RUN (Flyball, 7D), Distance : 391 ft
Batting: LHB Jean-Sébastien Beaudin 0-0: Ball
1-0: Ball
2-0: Called Strike
2-1: Ball
3-1: Foul Ball, location: 2F
3-2: Fly out, F8 (Flyball, 8RS)
Batting: SHB Doug Thompson 0-0: Ball
1-0: Called Strike
1-1: Ball
2-1: Fly out, F8 (Flyball, 8RD)
Batting: RHB Billy Gray 0-0: SINGLE (Flyball, 8RS)
Pitching: RHP Cipriano Vega
Batting: RHB Bruce Adams 0-0: Ball
1-0: Swinging Strike
1-1: Foul Ball, location: 2F
1-2: Ball
2-2: Strikes out swinging
Top of the 9th over - 2 runs, 2 hits, 1 error, 1 left on base; Evanston 4 - Minnesota 9
Saturday, April 7th, 2018 - OOTP Baseball 18.8 Build 76